 Dungeon Sprint DCSS version 0.30-a0-757-ga6a79fd877 (webtiles) character file.

Game seed: 7822950408178082131

8227 retardedninja the Severer (level 11, -13/112 HPs)
             Began as a Minotaur Fighter on Feb 8, 2023.
             Was a Follower of Jiyva.
             Mangled by a dire elephant (31 damage)
             ... in the Dungeon (Sprint IX: "|||||||||||||||||||||||||||||") on Feb 9, 2023.
             The game lasted 00:03:59 (1384 turns).

retardedninja the Severer (Minotaur Fighter)        Turns: 1384, Time: 00:03:59

Health: -13/112    AC: 12    Str: 26    XL:     11   Next: 7%
Magic:  10/10      EV: 13    Int:  8    God:    Jiyva [*.....]
Gold:   0          SH:  5    Dex:  4    Spells: 10/10 levels left

rFire   . . .      SeeInvis +    m - +3 war axe of the Endless Demons {freeze, Will++ Dex-5 SInv}
rCold   . . .      Faith    .    c - +0 buckler
rNeg    . . .      Spirit   .    a - +1 scale mail
rPois   .          Reflect  .    (helmet restricted)
rElec   .          Harm     .    (no cloak)
rCorr   .          Rampage  .    (no gloves)
Will    ++...      NoTele   +    n - +0 pair of boots
Stlth   +                        (no amulet)
HPRegen 1.18/turn                p - +3 ring of intelligence
MPRegen 0.37/turn                o - +2 ring of evasion

@: no status effects
A: horns 2, retaliatory headbutt
a: Renounce Religion


You were in the Dungeon.
You worshipped Jiyva.
Jiyva was aware of your devotion.
You visited 1 branch

Inventory:

Hand Weapons
 m - the +3 war axe of the Endless Demons (weapon) {freeze, Will++ Dex-5 SInv}
   (You found it in the Dungeon)

   Dex:       It affects your dexterity (-5).
   SInv:      It lets you see invisible.
   Will:      It greatly increases your willpower.
Armour
 a - a +1 scale mail (worn)
 b - a +0 scale mail
 c - a +0 buckler (worn)
 n - a +0 pair of boots (worn)
Jewellery
 o - a +2 ring of evasion (right hand)
 p - a +3 ring of intelligence (left hand)
Wands
 l - a wand of iceblast (2)
Scrolls
 k - 2 scrolls of amnesia
Potions
 e - a potion of curing
 h - 4 potions of magic


   Skills:
 + Level 15.0 Fighting
 + Level 19.0 Axes
 + Level 15.1 Armour
 + Level 7.3 Dodging
 + Level 5.4 Stealth
 + Level 11.7 Shields
 + Level 2.9 Evocations


You had 10 spell levels left.
You didn't know any spells.
Your spell library was empty.

Dungeon Overview and Level Annotations

Branches:
Dungeon (1/1)

Altars:
Cheibriados
Dithmenos
Elyvilon
Fedhas
Gozag
Hepliaklqana
Kikubaaqudgha
Makhleb
Nemelex Xobeh
Okawaru
Qazlal
Ru
Sif Muna
Trog
Uskayaw
Vehumet
Wu Jian
Xom
Yredelemnul
Zin
The Shining One
Jiyva
Lugonu


Innate Abilities, Weirdness & Mutations

You have a pair of horns on your head.
You reflexively headbutt those who attack you in melee.


Message History

The dire elephant tramples you.
You stumble backwards!
You feel better.
The dire elephant tramples you but does no damage.
The dire elephant trunk-slaps you.
You feel better.
The dire elephant tramples you but does no damage.
The dire elephant trunk-slaps you!
You hit the dire elephant but do no damage.
The dire elephant is almost dead.
You slash the dire elephant! You freeze the dire elephant.
You kill the dire elephant!
Your Fighting skill increases to level 15!
Your Axes skill increases to level 19!
Your Armour skill increases to level 15!
You have reached level 11!
Okay, then.
You hit the dire elephant but do no damage.
The dire elephant misses you.
The dire elephant trunk-slaps you but does no damage.
You slash the dire elephant! You freeze the dire elephant.
The dire elephant is lightly wounded.
You block the dire elephant's attack. The dire elephant trunk-slaps you!
You hit the dire elephant but do no damage.
The dire elephant is lightly wounded.
You slash the dire elephant! You freeze the dire elephant.
You headbutt the dire elephant, but do no damage.
The dire elephant is moderately wounded.
The dire elephant tramples you but does no damage.
The dire elephant trunk-slaps you but does no damage.
You hit the dire elephant but do no damage.
You headbutt the dire elephant.
The dire elephant is moderately wounded.
The dire elephant tramples you!!
* * * LOW HITPOINT WARNING * * *
You stumble backwards!
You hit the dire elephant. You freeze the dire elephant.
You headbutt the dire elephant.
The dire elephant is heavily wounded.
You feel better. The dire elephant tramples you!!
You die...

▓.▓.▓.▓
▓.▓.▓.▓
▓'▓.▓'▓
▓_▓.▓Y▓
▓_▓.▓.▓
▓_▓.▓Y▓
▓_▓.▓Y▓
▓_▓.▓Y▓
▓_▓.▓@▓
▓_▓.▓.▓
▓_▓.▓.▓
▓_▓.▓.▓
▓_▓.▓†▓
▓_▓.▓†▓
▓_▓.▓.▓
▓_▓.▓†▓
▓_▓.▓.▓


You could see a dire elephant and 3 elephants.

Vanquished Creatures
  Gastronok (D)
  A dire elephant (D)
  2 centaur warriors (D)
  A boulder beetle (D)
  2 hydras (D)
  A cyclops (D)
  An elephant (D)
  2 cane toads (D)
  4 polar bears (D)
  A blink frog (D)
  A yak (D)
  A shadow (D)
  A vampire (D)
  A wyvern (D)
  5 water moccasins (D)
  A black bear (D)
  A centaur (D)
  A kobold brigand (D)
  A bullfrog (D)
  A howler monkey (D)
  A jelly (D)
  A hound (D)
  An orc wizard (D)
  An adder (D)
  An orc (D)
  2 ball pythons (D)
  An endoplasm (D)
  A hobgoblin (D)
  A frilled lizard (D)
40 creatures vanquished.

Vanquished Creatures (others)
  A great orb of eyes (D)
  A lindwurm (D)
  A yaktaur (D)
  A jumping spider (shapeshifter) (D)
  4 slime creatures (D)
  A black bear (shapeshifter) (D)
  A howler monkey (D)
  4 jellies (D)
14 creatures vanquished.

Grand Total: 54 creatures vanquished

Notes
Turn   | Place    | Note
-------+----------+-------------------------------------------
     0 | D        | retardedninja the Minotaur Fighter began the quest for the
                  | Orb.
     0 | D        | Reached XP level 1. HP: 19/19 MP: 0/0
    23 | D        | Noticed a jelly
    23 | D        | Noticed a hound
    23 | D        | Noticed an orc wizard
    33 | D        | Killed an orc wizard
    34 | D        | Reached skill level 5 in Fighting
    34 | D        | Reached skill level 3 in Axes
    34 | D        | Reached skill level 5 in Armour
    34 | D        | Reached XP level 2. HP: 17/29 MP: 1/1
    34 | D        | Reached XP level 3. HP: 21/36 MP: 2/2
    37 | D        | Reached skill level 5 in Shields
    39 | D        | Reached skill level 4 in Axes
    39 | D        | Reached XP level 4. HP: 19/44 MP: 3/3
    40 | D        | Reached skill level 5 in Axes
   344 | D        | Upgraded the game from 0.30-a0-748-ge6a52f7cba to
                  | 0.30-a0-757-ga6a79fd877
   348 | D        | Found a snail-covered altar of Cheibriados.
   348 | D        | Found a shadowy altar of Dithmenos.
   348 | D        | Found a white marble altar of Elyvilon.
   348 | D        | Found a blossoming altar of Fedhas.
   348 | D        | Found an opulent altar of Gozag.
   349 | D        | Found a hazy altar of Hepliaklqana.
   350 | D        | Found a viscous altar of Jiyva.
   351 | D        | Found an ancient bone altar of Kikubaaqudgha.
   352 | D        | Found a corrupted altar of Lugonu.
   353 | D        | Found a burning altar of Makhleb.
   354 | D        | Found a sparkling altar of Nemelex Xobeh.
   355 | D        | Found an iron altar of Okawaru.
   356 | D        | Found a stormy altar of Qazlal.
   357 | D        | Found a sacrificial altar of Ru.
   358 | D        | Became a worshipper of Jiyva Jeduufu the Shapeless
   358 | D        | Killed a black bear
   358 | D        | Killed a yaktaur
   359 | D        | Found a shimmering blue altar of Sif Muna.
   360 | D        | Found a bloodstained altar of Trog.
   360 | D        | Killed a slime creature
   360 | D        | Killed a slime creature
   361 | D        | Found a hide-covered altar of Uskayaw.
   361 | D        | Killed a lindwurm
   361 | D        | Killed a slime creature
   361 | D        | Killed a slime creature
   361 | D        | Killed a great orb of eyes
   362 | D        | Found a radiant altar of Vehumet.
   363 | D        | Found an ornate altar of the Wu Jian Council.
   364 | D        | Found a shimmering altar of Xom.
   365 | D        | Found a basalt altar of Yredelemnul.
   366 | D        | Found a glowing silver altar of Zin.
   367 | D        | Found a glowing golden altar of the Shining One.
   369 | D        | Killed a jumping spider
   385 | D        | Got the +3 war axe of the Endless Demons {freeze, Will++
                  | Dex-5 SInv}
   406 | D        | Noticed a yak
   406 | D        | Noticed a centaur
   406 | D        | Noticed a kobold brigand
   406 | D        | Noticed a shadow
   409 | D        | Killed a shadow
   410 | D        | Reached skill level 7 in Axes
   410 | D        | Reached skill level 1 in Dodging
   410 | D        | Reached XP level 5. HP: 53/53 MP: 4/4
   412 | D        | Reached skill level 8 in Axes
   412 | D        | Reached XP level 6. HP: 62/62 MP: 5/5
   418 | D        | Reached skill level 9 in Axes
   421 | D        | Killed a yak
   422 | D        | Reached skill level 10 in Armour
   422 | D        | Reached skill level 1 in Stealth
   422 | D        | Reached XP level 7. HP: 31/70 MP: 6/6
   549 | D        | Noticed a vampire
   549 | D        | Noticed a cyclops
   549 | D        | Noticed a centaur warrior
   549 | D        | Noticed a centaur warrior
   559 | D        | Killed a centaur warrior
   560 | D        | Reached skill level 10 in Fighting
   560 | D        | Reached skill level 12 in Axes
   560 | D        | Reached XP level 8. HP: 67/81 MP: 7/7
   564 | D        | Killed a centaur warrior
   565 | D        | Reached skill level 13 in Axes
   565 | D        | Reached skill level 10 in Shields
   568 | D        | Killed a cyclops
   569 | D        | Reached skill level 14 in Axes
   569 | D        | Reached XP level 9. HP: 69/90 MP: 8/8
   797 | D        | Reached * piety under Jiyva
   803 | D        | Noticed Gastronok
   815 | D        | Killed Gastronok
   816 | D        | Reached skill level 16 in Axes
   988 | D        | Noticed a boulder beetle
   988 | D        | Noticed a polar bear
   996 | D        | Noticed a cane toad
   997 | D        | Noticed an eight-headed hydra
  1001 | D        | Killed a polar bear
  1002 | D        | Reached skill level 5 in Dodging
  1019 | D        | Killed an eight-headed hydra
  1020 | D        | Reached skill level 17 in Axes
  1020 | D        | Reached XP level 10. HP: 71/101 MP: 9/9
  1037 | D        | Killed a cane toad
  1045 | D        | Killed a boulder beetle
  1046 | D        | Reached skill level 5 in Stealth
  1046 | D        | Reached skill level 1 in Evocations
  1160 | D        | Noticed a seven-headed hydra
  1160 | D        | Noticed a cane toad
  1170 | D        | Reached skill level 18 in Axes
  1175 | D        | Killed a seven-headed hydra
  1178 | D        | Killed a cane toad
  1357 | D        | Noticed an elephant
  1357 | D        | Noticed a dire elephant
  1357 | D        | Noticed an elephant
  1357 | D        | Noticed an elephant
  1357 | D        | Noticed a dire elephant
  1357 | D        | Noticed an elephant
  1360 | D        | Killed an elephant
  1377 | D        | Killed a dire elephant
  1378 | D        | Reached skill level 15 in Fighting
  1378 | D        | Reached skill level 19 in Axes
  1378 | D        | Reached skill level 15 in Armour
  1378 | D        | Reached XP level 11. HP: 42/112 MP: 10/10
  1384 | D        | Mangled by a dire elephant

Illustrated notes

Levels and vault maps discovered:
D:        linesprint [early_d, line_temple, items_1, d_10, items_2, lair_1,
          lair_end, items_3, orc_1, orc_end, items_4, d_15, swamp_1, shoals_1,
          snake_1, spider_1, d_20, vaults_1, items_5, swamp_end, shoals_end,
          snake_end, spider_end, vaults_end, d_27, items_6, zot_1, zot_end,
          crypt_end, forest_end, elf_end, slime_end, tomb_end, abyss_end,
          pan_hell_end]

Skill      XL: |  1  2  3  4  5  6  7  8  9 10 |
---------------+-------------------------------+-----
Armour         | 5 6 8 9 10 11 12 13 15 | 15.1
Fighting       | 5 8 9 10 11 13 15 | 15.0
Axes           | 3 4 7 8 9 12 14 17 19 | 19.0
Shields        | 4 5 7 8 9 10 11 | 11.7
Dodging        | 1 2 3 5 7 |  7.3
Stealth        | 1 2 3 4 5 |  5.4
Evocations     | 2 |  2.9

Action                     |  1- 3 |  4- 6 |  7- 9 | 10-12 || total
---------------------------+-------+-------+-------+-------++-------
  Melee: War axe           |    26 |    10 |    48 |    68 ||   152
         Headbutt          |     3 |     3 |    13 |    21 ||    40
  Evoke: Wand              |       |       |     3 |     5 ||     8
    Use: Potion            |     1 |     2 |     2 |     6 ||    11
         Scroll            |       |       |     1 |     1 ||     2
   Stab: Invisible         |       |     2 |       |       ||     2
 Armour: Scale mail        |    10 |     1 |    18 |    29 ||    58
  Dodge: Dodged            |     4 |     6 |    29 |    21 ||    60
  Block: Buckler           |     4 |       |     9 |    13 ||    26

Table legend: (Time is in decaauts)
 A = Elapsed time spent in this place.
 B = Non-inter-level travel time spent in this place.
 C = Inter-level travel time spent in this place.
 D = Time resting spent in this place.
 E = Time spent auto-exploring this place.
 F = Levels seen in this place.
 G = Mean time per level.
                   A        B        C        D        E       F      G
               +--------+--------+--------+--------+--------+-----+--------+
         Total |   1353 |   1353 |      0 |    964 |      0 |   1 | 1353.0 |
       Dungeon |   1353 |   1353 |      0 |    964 |      0 |   1 | 1353.0 |
               +--------+--------+--------+--------+--------+-----+--------+

Top non-repeatable levels by time:
       D: 1353 daAuts
